 Dungeon Crawl Stone Soup version 0.19.4 (webtiles) character file.

238522 Jerry the Minotaur Blade (level 18, -3/166 (168) HPs)
             Began as a Minotaur Monk on Jan 31, 2017.
             Was the Champion of Dithmenos.
             Slain by a frost giant
             ... wielding a +0 battleaxe of freezing
              (15 damage)
             ... on level 1 of the Vaults.
             The game lasted 03:41:15 (38692 turns).

Jerry the Minotaur Blade (Minotaur Monk)           Turns: 38692, Time: 03:41:16

HP:   -3/166 (168)  AC: 29    Str: 25      XL:     18   Next: 56%
MP:   27/27         EV: 19    Int:  5 (7)  God:    Dithmenos [******]
Gold: 2430          SH:  0    Dex: 16 (17) Spells: 7 memorised, 4 levels left

rFire  . . .     SeeInvis .     n - +8 great sword (freeze)
rCold  . . .     Gourm    .     P - +3 plate armour "Paur" {+Inv rElec rC- MR++}
rNeg   . . .     Faith    .     (shield currently unavailable)
rPois  .         Spirit   .     (helmet unavailable)
rElec  +         Reflect  .     L - +2 cloak
rCorr  .         Harm     .     U - +2 pair of gloves {Str+3}
MR     +++..                    (no boots)
Stlth  ..........               o - amulet of regeneration
                                J - ring of protection from cold
                                G - +4 ring of evasion

@: lethally poisoned (-3 -> -3), about to teleport, very slightly contaminated,
wreathed by umbra, invisible
A: retaliatory headbutt, horns 3, shaggy fur 1, strong 1, subdued magic 1
a: Shadow Step, Shadow Form, Renounce Religion, Turn Visible
}: 2/15 runes: decaying, gossamer


You were on level 1 of the Vaults.
You worshipped Dithmenos.
Dithmenos was exalted by your worship.
You were hungry.

You visited 7 branches of the dungeon, and saw 33 of its levels.
You also visited: Bailey and Volcano.

You collected 3317 gold pieces.
You spent 887 gold pieces at shops.

Inventory:

Hand Weapons
 n - a +8 great sword of freezing (weapon)
Armour
 L - a +2 cloak (worn)
 P - the +3 plate armour "Paur" (worn) {+Inv rElec rC- MR++}
   (You found it on level 8 of the Dungeon)

   It makes you vulnerable to cold.
   It insulates you from electricity.
   It affects your resistance to hostile enchantments.
   It lets you turn invisible.
 U - a +2 pair of gloves of strength (worn)
Jewellery
 g - an uncursed ring of poison resistance
 o - an amulet of regeneration (around neck)
 G - a +4 ring of evasion (left hand)
 J - a ring of protection from cold (right hand)
 N - an uncursed ring of see invisible
Wands
 b - a wand of acid (8/15)
 k - a wand of disintegration (15/24)
 u - a wand of confusion (10/48)
 y - a wand of acid (7/15)
 D - a wand of iceblast (8/15)
 F - a wand of iceblast (6/15)
 T - a wand of enslavement (14/24)
Scrolls
 e - a scroll of fog
 l - 16 scrolls of remove curse
 m - 8 scrolls of recharging
 w - 7 scrolls of teleportation
 z - a scroll of fear
 B - 4 scrolls of amnesia
 H - 3 scrolls of enchant weapon
 K - a scroll of blinking
 M - 4 scrolls of magic mapping
 R - 7 scrolls of identify
 S - 4 scrolls of enchant armour
 V - 3 scrolls of summoning
Potions
 a - a potion of invisibility
 f - 16 potions of curing
 h - 2 potions of cure mutation
 i - 6 potions of heal wounds
 q - a potion of cancellation
 s - 2 potions of brilliance
 t - 2 potions of haste
 v - 7 potions of berserk rage
 x - 3 potions of agility
 C - a potion of might
 E - 3 potions of flight
 I - 5 potions of resistance
 O - 5 potions of ambrosia
 Y - 2 potions of magic
Miscellaneous
 X - 2 boxes of beasts
Comestibles
 c - 25 bread rations
 d - 16 meat rations
 j - 15 beef jerkies
 p - 2 slices of pizza
 r - 19 fruits
 A - 5 chunks of flesh


   Skills:
 - Level 16.5 Fighting
 + Level 21.0 Long Blades
 + Level 18.0 Armour
 + Level 11.9 Dodging
 - Level 1.5 Stealth
 + Level 14.0 Invocations
 + Level 11.2 Evocations


You had 4 spell levels left.
You knew the following spells:

 Your Spells              Type           Power        Failure   Level  Hunger
a - Repel Missiles        Chrm/Air       #.....       100%        2    ###....
b - Passwall              Tmut/Erth      #.........   100%        2    ###....
c - Swiftness             Chrm/Air       #.......     100%        2    ###....
d - Shroud of Golubria    Chrm/Tloc      #.........   100%        2    ###....
e - Animate Skeleton      Necr           N/A          100%        1    ##.....
f - Regeneration          Chrm/Necr      #.........   100%        3    ####...
g - Apportation           Tloc           #.........   100%        1    ##.....


Dungeon Overview and Level Annotations

Branches:
Dungeon (15/15)            Temple (1/1) D:4            Lair (6/6) D:9
  Swamp (4/4) Lair:2       Spider (4/4) Lair:2        Slime (0/5) Lair:6
    Orc (2/2) D:11            Elf (0/3) Orc:2        Vaults (1/5) D:13
 Depths (0/5) D:15

Altars:
Ashenzari
Cheibriados
Dithmenos
Elyvilon
Fedhas
Gozag
Hepliaklqana
Kikubaaqudgha
Makhleb
Nemelex Xobeh
Okawaru
Qazlal
Ru
Sif Muna
Trog
Uskayaw
Vehumet
Xom
Yredelemnul
Zin
The Shining One
Beogh

Shops:
D:7 [   D:8 =%   D:9 }   D:12 %   D:14 *   Orc:2 :([}   Vaults:1 ?

Portals:
Hell: Lair:6


Innate Abilities, Weirdness & Mutations

You reflexively headbutt those who attack you in melee.
You have a pair of large horns on your head.
You are covered in fur. (AC +1)
Your muscles are strong. (Str +2)
Your spells are a little easier to cast, but a little less powerful.


Message History

The orc warrior throws an exploding tomahawk.
The exploding tomahawk hits you.
* * * LOW HITPOINT WARNING * * *
The exploding tomahawk explodes!
The explosion of tomahawk fragments engulfs you!
The explosion of tomahawk fragments engulfs the frost giant.
The explosion of tomahawk fragments engulfs the cyan ugly thing.
The cyan ugly thing gurgles horribly!
You are feeling hungry.
You hit the frost giant.
The frost giant is lightly wounded.
You feel sick. The cyan ugly thing misses you. You furiously retaliate!
You headbutt the cyan ugly thing. The ogre mage casts a spell at you.
The crystal spear hits you!
* * * LOW HITPOINT WARNING * * *
You emit a cloud of dark smoke.
You feel sick. The ogre mage misses you.
The frost giant hits you with a battleaxe of freezing!
You die...

.....# .....# .....#
.>...# ...%. ...
########+########'##+###
............O.pC@O......
.............O§u[o......
....########O##########.
....# #. '#..# O .#..#
.O .#..# .. .#..# ...
.#..#


You could see an ironheart preserver, a frost giant, a cyan ugly thing, an ogre
mage and an orc warrior.

Vanquished Creatures
  the Lernaean hydra (Swamp:4)
  Nikola (Spider:2)
  Arachne (Spider:2)
  Rupert (D:15)
  Frances (Spider:2)
  Agnes (Spider:2)
  3 thorn hunters
  4 ghost moths
  An orc warlord (Orc:2)
  6 emperor scorpions (Spider:4)
  Aizul (Vaults:1)
  An ironheart preserver (Vaults:1)
  5 entropy weavers
  2 green draconians (Swamp:2)
  A dire elephant (Lair:6)
  An ettin (Orc:2)
  2 fire dragons
  Josephine (Spider:1)
  31 hydras
  The ghost of Schimscham the Destroyer, a journeyman NaWz of Okawaru (D:11)
  3 ghost crabs
  A vault guard (D:13)
  Fannar (Lair:1)
  A rakshasa (D:14)
  2 catoblepae
  An ice dragon (D:15)
  A centaur warrior (D:15)
  A tengu warrior (D:15)
  A queen ant (Spider:1)
  12 alligators
  2 ogre magi
  A hell hog (Volcano)
  An orc high priest (Orc:2)
  Nergalle (Lair:4)
  A sixfirhy (Lair:6)
  A death drake (Swamp:3)
  16 swamp dragons
  A wizard (Lair:6)
  An unseen horror (D:12)
  4 shambling mangroves (Swamp:1)
  A spriggan druid (Swamp:4)
  4 lindwurms (D:8)
  A deep elf archer (D:13)
  A necromancer (Swamp:3)
  5 spectral hydras (Swamp:3)
  4 hill giants
  31 wolf spiders
  21 orb spiders
  5 orc knights
  2 orc sorcerers (Orc:2)
  2 wolf spider zombies
  A deep elf mage (D:14)
  4 cyclopes
  2 salamanders (Volcano)
  7 ugly things
  A manticore (D:13)
  2 moths of wrath
  A vault sentinel (Vaults:1)
  9 elephants
  8 black mambas
  19 spiny frogs
  4 orange demons (Lair:6)
  2 torpor snails
  A smoke demon (Lair:6)
  A gargoyle (D:12)
  2 rime drakes (Lair:6)
  23 demonic crawlers
  An efreet (D:12)
  4 swamp worm zombies (Swamp:3)
  2 kobold demonologists (D:13)
  A hellwing (Lair:6)
  7 komodo dragons
  2 ice devils (Lair:6)
  2 red devils (Lair:6)
  A tengu conjurer (D:15)
  22 jumping spiders
  A polar bear (shapeshifter) (Vaults:1)
  24 hornets
  8 trolls
  3 meliai (D:14)
  20 bog bodies
  8 two-headed ogres
  27 blink frogs
  10 hippogriffs
  5 tyrant leeches
  A spectral swamp dragon (Swamp:3)
  10 slime creatures
  2 alligator zombies (Swamp:3)
  13 dream sheep
  27 tarantellas
  42 yaks
  8 spriggans
  4 shadows
  2 basilisks
  5 wraiths
  51 redbacks
  The ghost of luab the Skirmisher, an amateur DrCK of Xom (D:4)
  2 tyrant leech zombies (Swamp:3)
  2 fire bats (Volcano)
  3 wyverns
  14 vampire mosquitoes
  A hungry ghost (D:9)
  A mottled dragon (D:14)
  A steam dragon (Lair:4)
  2 wargs
  15 insubstantial wisps
  31 soldier ants (Spider:1)
  16 swamp worms
  10 water moccasins
  5 porcupines
  2 hell hounds
  5 spiny frog zombies (Swamp:3)
  48 orc warriors
  5 ice beasts
  16 swamp drakes
  6 sky beasts
  2 necrophages
  An ice beast (shapeshifter) (D:14)
  A black bear (D:8)
  2 phantoms
  12 ogres
  16 wolves
  11 centaurs
  22 crocodiles
  3 big kobolds
  15 bullfrogs
  An earth elemental (Orc:2)
  6 scorpions
  2 wyvern skeletons
  A spriggan zombie (Swamp:3)
  A troll zombie (Swamp:3)
  6 killer bees (D:10)
  4 wights (D:7)
  3 howler monkeys
  2 electric eels (Lair:2)
  13 crimson imps
  A bullfrog zombie (D:10)
  2 quasits (D:9)
  3 centaur zombies
  3 hounds
  5 jellies
  Crazy Yiuf (D:3)
  26 orc priests
  2 centaur skeletons
  2 bullfrog skeletons
  8 iguanas
  Jessica (D:3)
  28 orc wizards
  26 worker ants
  A hound zombie (D:9)
  A hound skeleton (D:6)
  A howler monkey zombie (D:8)
  2 worker ant zombies
  7 gnolls
  17 adders
  2 river rats (D:9)
  5 shadow imps
  An ooze (D:2)
  4 worms
  3 dart slugs
  4 leopard geckos
  145 orcs
  A ball python (D:2)
  8 giant cockroaches
  12 goblins
  6 hobgoblins
  13 jackals
  A quokka (D:7)
  20 bats
  7 frilled lizards
  A jackal skeleton (D:8)
  24 kobolds
  A leopard gecko skeleton (D:4)
  15 rats
  2 briar patches (Swamp:2)
  A plant (D:9)
1319 creatures vanquished.

Vanquished Creatures (others)
  An orc knight (Vaults:1)
  2 two-headed ogres
  A tarantella (Spider:3)
  An ogre (Vaults:1)
  A centaur (Volcano)
  An orc (Vaults:1)
  4 briar patches (Swamp:2)
  6 fungi
  4 plants
  5 withered plants (Swamp:3)
26 creatures vanquished.

Grand Total: 1345 creatures vanquished

Notes
Turn   | Place    | Note
-------+----------+-------------------------------------------
     0 | D:1      | Jerry the Minotaur Monk began the quest for the Orb.
     0 | D:1      | Reached XP level 1. HP: 19/19 MP: 0/0
   192 | D:1      | Reached XP level 2. HP: 22/27 MP: 1/1
   778 | D:1      | Reached skill level 1 in Armour
   807 | D:1      | Reached skill level 4 in Long Blades
   857 | D:1      | Reached XP level 3. HP: 32/33 MP: 2/2
  1405 | D:2      | Reached XP level 4. HP: 40/40 MP: 3/3
  1784 | D:3      | Noticed Jessica
  1789 | D:3      | Killed Jessica
  2221 | D:3      | Found a glowing golden altar of the Shining One.
  2303 | D:3      | Found a runed door.
  2417 | D:3      | Noticed Crazy Yiuf
  2426 | D:3      | Killed Crazy Yiuf
  2426 | D:3      | Reached XP level 5. HP: 10/47 MP: 4/4
  2726 | D:4      | Noticed luab's ghost (amateur DrCK)
  2811 | D:4      | Killed luab's ghost
  2811 | D:4      | Reached skill level 5 in Fighting
  2811 | D:4      | Reached skill level 5 in Long Blades
  2811 | D:4      | Reached XP level 6. HP: 48/56 MP: 5/5
  3076 | D:4      | Found a staircase to the Ecumenical Temple.
  3081 | Temple   | Entered the Ecumenical Temple
  3162 | Temple   | Became a worshipper of Dithmenos the Shadowed
  3162 | Temple   | Reached * piety under Dithmenos
  3162 | Temple   | Reached ** piety under Dithmenos
  3661 | D:4      | Reached XP level 7. HP: 41/62 MP: 6/6
  4017 | D:4      | Reached skill level 6 in Long Blades
  4203 | D:5      | Entered Level 5 of the Dungeon
  4312 | D:5      | Reached skill level 5 in Armour
  4312 | D:5      | Reached skill level 1 in Invocations
  4360 | D:5      | Found a basalt altar of Yredelemnul.
  4964 | D:5      | Reached XP level 8. HP: 54/71 MP: 8/8
  5330 | D:7      | Reached skill level 7 in Long Blades
  5335 | D:7      | Gained mutation: Your muscles are strong. (Str +2) [mutagenic meat]
  5336 | D:7      | Gained mutation: You are dopey. (Int -2) [mutagenic meat]
  5337 | D:7      | Gained mutation: You are frail. (-10% HP) [mutagenic meat]
  5338 | D:7      | Lost mutation: You are frail. (-10% HP) [mutagenic meat]
  5586 | D:7      | Reached *** piety under Dithmenos
  6019 | D:6      | Reached skill level 8 in Long Blades
  6022 | D:6      | Reached XP level 9. HP: 79/81 MP: 11/11
  6251 | D:6      | Gained mutation: You are partially covered in iridescent scales. (AC +2) [potion of mutation]
  6251 | D:6      | Gained mutation: Your spells are a little easier to cast, but a little less powerful. [potion of mutation]
  6251 | D:6      | Gained mutation: You have an increased reservoir of magic. (+10% MP) [potion of mutation]
  6472 | D:7      | Found Atiwkuot's Antique Armour Emporium.
  6588 | D:7      | Reached skill level 5 in Invocations
  6783 | D:8      | Noticed a lindwurm
  6784 | D:8      | Noticed a lindwurm
  6789 | D:8      | Noticed a lindwurm
  6801 | D:8      | Noticed a lindwurm
  6899 | D:7      | Bought a spiked ring mail for 207 gold pieces
  6909 | D:7      | Identified the +1 ring mail "Moocah" {Regen+} (You bought it in a shop on level 7 of the Dungeon)
  7001 | D:8      | Noticed a troll
  7011 | D:8      | Killed a troll
  7011 | D:8      | Reached **** piety under Dithmenos
  7011 | D:8      | Reached skill level 9 in Long Blades
  7094 | D:8      | Found Naurekypp's Jewellery Shoppe.
  7203 | D:8      | Found Vanod's Food Shoppe.
  7355 | D:8      | Killed a lindwurm
  7355 | D:8      | Reached skill level 10 in Long Blades
  7355 | D:8      | Reached XP level 10. HP: 91/91 MP: 14/14
  7383 | D:8      | Killed a lindwurm
  7390 | D:8      | Killed a lindwurm
  7411 | D:8      | Killed a lindwurm
  7465 | D:8      | Got a warped plate armour
  7510 | D:8      | Identified the +3 plate armour "Paur" {+Inv rElec rC- MR++} (You found it on level 8 of the Dungeon)
  7516 | D:8      | Learned a level 2 spell: Repel Missiles
  7718 | D:9      | Gained mutation: Armour fits poorly on your strangely shaped body. [mutagenic meat]
  7719 | D:9      | Gained mutation: You evolve. [mutagenic meat]
  7720 | D:9      | Lost mutation: You evolve. [mutagenic meat]
  7722 | D:9      | Gained mutation: You are robust. (+10% HP) [mutagenic meat]
  7767 | D:9      | Reached ***** piety under Dithmenos
  7782 | D:9      | Reached skill level 10 in Fighting
  7827 | D:9      | Reached skill level 1 in Evocations
  7830 | D:9      | Reached skill level 11 in Long Blades
  8507 | D:9      | Found Esoydaf's Gadget Shoppe.
  8640 | D:9      | Found a staircase to the Lair.
  8866 | D:10     | Entered Level 10 of the Dungeon
  8947 | D:10     | Reached XP level 11. HP: 24/111 MP: 16/16
  9836 | D:10     | Noticed a hill giant
  9840 | D:10     | Killed a hill giant
  9840 | D:10     | Reached skill level 10 in Armour
 10376 | D:11     | Reached skill level 12 in Long Blades
 10385 | D:11     | Noticed Schimscham's ghost (journeyman NaWz)
 10420 | D:11     | Killed Schimscham's ghost
 10442 | D:11     | Found a flagged portal.
 10452 | Bailey   | Entered a bailey
 10527 | Bailey   | Reached ****** piety under Dithmenos
 10892 | Bailey   | Noticed an orc knight
 11106 | Bailey   | Noticed an orc knight
 11123 | Bailey   | Killed an orc knight
 11205 | Bailey   | Killed an orc knight
 11343 | Bailey   | Noticed an orc knight
 11369 | Bailey   | Killed an orc knight
 11609 | D:11     | Lost mutation: You are partially covered in iridescent scales. (AC +2) [potion of mutation]
 11615 | D:11     | Found a staircase to the Orcish Mines.
 11648 | D:11     | Found a roughly hewn altar of Beogh.
 12035 | D:12     | Noticed a green ugly thing
 12370 | Lair:1   | Entered Level 1 of the Lair of Beasts
 12387 | Lair:1   | Reached skill level 13 in Long Blades
 12444 | Lair:1   | Reached XP level 12. HP: 114/124 MP: 16/18
 12590 | Lair:1   | Noticed Fannar
 12609 | Lair:1   | Killed Fannar
 12632 | Lair:1   | Noticed a six-headed hydra
 12645 | Lair:1   | Killed a six-headed hydra
 12783 | Lair:1   | Reached skill level 5 in Evocations
 13198 | Lair:2   | Found a staircase to the Swamp.
 13298 | Lair:2   | Found a hole to the Spider Nest.
 13300 | Lair:2   | Paralysed by a hornet for 1 turns
 13407 | Lair:2   | Learned a level 2 spell: Passwall
 13410 | Lair:2   | Learned a level 2 spell: Swiftness
 13413 | Lair:2   | Learned a level 2 spell: Shroud of Golubria
 13545 | Lair:2   | Found a dark tunnel.
 13550 | Volcano  | Entered a volcano
 13575 | Volcano  | Noticed a hell hog
 13587 | Volcano  | Killed a hell hog
 13607 | Volcano  | Reached skill level 14 in Long Blades
 14669 | Lair:3   | Noticed a four-headed hydra
 14680 | Lair:3   | Killed a five-headed hydra
 14999 | Lair:3   | Reached XP level 13. HP: 118/135 MP: 14/20
 15769 | Lair:4   | Noticed Nergalle
 15776 | Lair:4   | Killed Nergalle
 16606 | Lair:5   | Reached skill level 15 in Long Blades
 17879 | Lair:6   | Entered Level 6 of the Lair of Beasts
 18125 | Lair:6   | Reached skill level 15 in Fighting
 18698 | Lair:6   | Reached skill level 16 in Long Blades
 18791 | Lair:6   | Found a staircase to the Slime Pits.
 18893 | Lair:6   | Reached skill level 10 in Invocations
 18942 | Lair:6   | Reached XP level 14. HP: 55/148 MP: 8/22
 19668 | Lair:6   | Found a burning altar of Makhleb.
 19690 | Lair:6   | Found a gateway to Hell.
 19981 | Lair:6   | Lost mutation: You are robust. (+10% HP) [potion of cure mutation]
 19981 | Lair:6   | Lost mutation: You are dopey. (Int -2) [potion of cure mutation]
 19981 | Lair:6   | Lost mutation: Armour fits poorly on your strangely shaped body. [potion of cure mutation]
 19981 | Lair:6   | Lost mutation: You have an increased reservoir of magic. (+10% MP) [potion of cure mutation]
 19982 | Lair:6   | Gained mutation: You have a pair of large horns on your head. [potion of beneficial mutation]
 19983 | Lair:6   | Gained mutation: You are covered in fur. (AC +1) [potion of beneficial mutation]
 20983 | D:12     | Found Qaujil's Food Emporium.
 21441 | D:13     | Reached skill level 17 in Long Blades
 21670 | D:13     | Found a gate to the Vaults.
 21885 | D:13     | Noticed Rupert
 22994 | D:14     | Found Ufoul's General Store.
 23043 | D:14     | Learned a level 1 spell: Animate Skeleton
 23047 | D:14     | Learned a level 3 spell: Regeneration
 23057 | D:15     | Entered Level 15 of the Dungeon
 23325 | D:15     | Reached XP level 15. HP: 145/145 MP: 22/22
 23336 | D:15     | Killed Rupert
 23336 | D:15     | Reached skill level 5 in Dodging
 23560 | D:15     | Found a staircase to the Depths.
 24356 | Orc:1    | Entered Level 1 of the Orcish Mines
 24713 | Orc:2    | Entered Level 2 of the Orcish Mines
 24850 | Orc:1    | Reached skill level 18 in Long Blades
 25104 | Orc:2    | Found a roughly hewn altar of Beogh.
 25171 | Orc:2    | Found a staircase to the Elven Halls.
 25178 | Orc:2    | Found a roughly hewn altar of Beogh.
 25547 | Orc:2    | Found a roughly hewn altar of Beogh.
 25563 | Orc:2    | Found Iris's Gadget Shoppe.
 25568 | Orc:2    | Bought a disc of storms for 300 gold pieces
 25611 | Orc:2    | Noticed an orc warlord
 25797 | Orc:2    | Killed an orc warlord
 26000 | Orc:2    | Found Vaoril's Antique Weapon Boutique.
 26001 | Orc:2    | Found a roughly hewn altar of Beogh.
 26002 | Orc:2    | Found Arghukk's Antique Armour Shop.
 26083 | Orc:2    | Found a roughly hewn altar of Beogh.
 26116 | Orc:2    | Found a roughly hewn altar of Beogh.
 26179 | Orc:2    | Found a roughly hewn altar of Beogh.
 26189 | Orc:2    | Found Bomoc's Book Shoppe.
 26592 | Swamp:1  | Entered Level 1 of the Swamp
 27470 | Swamp:1  | Reached skill level 10 in Evocations
 28464 | Swamp:2  | Reached XP level 16. HP: 152/152 MP: 23/23
 28877 | Swamp:2  | Reached skill level 19 in Long Blades
 29039 | Swamp:2  | Identified Buiteb's Almanac of Supportive Orientation
 29469 | Swamp:2  | Noticed a thorn hunter
 29489 | Swamp:2  | Killed a thorn hunter
 29493 | Swamp:2  | Reached skill level 15 in Armour
 29784 | Swamp:2  | Noticed a thorn hunter
 29805 | Swamp:2  | Killed a thorn hunter
 31313 | Swamp:3  | Got an ancient scale mail
 31334 | Swamp:3  | Learned a level 1 spell: Apportation
 31358 | Swamp:3  | Identified the +1 scale mail of Tivisarph {rCorr} (You found it on level 3 of the Swamp)
 31594 | Swamp:4  | Entered Level 4 of the Swamp
 31662 | Swamp:4  | Noticed a thorn hunter
 31675 | Swamp:4  | Killed a thorn hunter
 31832 | Swamp:4  | Reached skill level 20 in Long Blades
 31899 | Swamp:4  | Noticed the 27-headed Lernaean hydra
 31928 | Swamp:4  | Killed the 27-headed Lernaean hydra
 31936 | Swamp:4  | Reached XP level 17. HP: 59/157 MP: 25/25
 32311 | Swamp:4  | Got a decaying rune of Zot
 33068 | D:8      | Bought an uncursed ring of poison resistance for 260 gold pieces
 33162 | Spider:1 | Entered Level 1 of the Spider Nest
 33512 | Spider:1 | Reached skill level 10 in Dodging
 33665 | Spider:1 | Noticed Josephine
 33674 | Spider:1 | Killed Josephine
 34572 | Spider:2 | Noticed Agnes
 34638 | Spider:2 | Killed Agnes
 34751 | Spider:2 | Noticed Nikola
 34775 | Spider:2 | Killed Nikola
 34781 | Spider:2 | Noticed Frances
 34783 | Spider:2 | Noticed Arachne
 34795 | Spider:2 | Killed Arachne
 35165 | Spider:2 | Killed Frances
 36189 | Spider:3 | Reached XP level 18. HP: 166/166 MP: 27/27
 36596 | Spider:4 | Entered Level 4 of the Spider Nest
 37497 | Spider:4 | Paralysed by a hornet for 1 turns
 37828 | Spider:4 | Reached skill level 21 in Long Blades
 37990 | Spider:4 | Got a gossamer rune of Zot
 38549 | Vaults:1 | Entered Level 1 of the Vaults
 38609 | Vaults:1 | Found Etrots's Magic Scroll Emporium.
 38615 | Vaults:1 | Bought a scroll of enchant weapon for 120 gold pieces
 38666 | Vaults:1 | Noticed Aizul
 38682 | Vaults:1 | Killed Aizul
 38692 | Vaults:1 | Slain by a frost giant

Skill      XL: |  1  2  3  4  5  6  7  8  9 10 11 12 13 14 15 16 17 18 |
---------------+-------------------------------------------------------+-----
Fighting       | 4 5 6 8 9 10 12 13 15 16 | 16.5
Armour         | 1 2 3 4 5 7 8 9 10 11 12 13 14 15 17 18 | 18.0
Long Blades    | 4 5 6 8 10 11 13 14 16 17 18 20 21 | 21.0
Dodging        | 4 7 9 11 | 11.9
Invocations    | 2 4 5 6 8 9 10 11 12 13 14 | 14.0
Evocations     | 2 4 6 7 9 10 11 | 11.2
Stealth        | |  1.5

Action                   |  1- 3 |  4- 6 |  7- 9 | 10-12 | 13-15 | 16-18 || total
-------------------------+-------+-------+-------+-------+-------+-------++-------
Melee: Falchion          |   114 |   165 |   309 |       |       |       ||   588
       Headbutt          |    12 |    36 |    84 |   113 |   230 |   318 ||   793
       Great sword       |       |       |    47 |   504 |   870 |   989 ||  2410
       Rapier            |       |       |       |     3 |       |       ||     3
 Abil: Evoke Flight      |       |       |       |     2 |       |    19 ||    21
       Evoke Invisibilit |       |       |       |     7 |    10 |    12 ||    29
Evoke: Wand              |       |       |     1 |    28 |     4 |       ||    33
       Disc of storms    |       |       |       |       |     4 |       ||     4
  Use: Scroll            |       |     7 |    13 |    15 |     4 |    14 ||    53
       Potion            |       |       |     2 |     6 |     6 |     6 ||    20
 Stab: Invisible         |       |       |       |    13 |    31 |    28 ||    72
       Petrified         |       |       |       |       |     1 |       ||     1
       Distracted        |       |       |       |       |       |     1 ||     1
  Eat: Chunk             |     2 |     7 |    16 |    35 |    44 |    37 ||   141
       Fruit             |       |       |       |     1 |       |     1 ||     2
       Beef jerky        |       |       |       |       |     1 |     1 ||     2
       Pizza             |       |       |       |       |     1 |     2 ||     3
       Royal jelly       |       |       |       |       |     1 |       ||     1
Armor: Robe              |     9 |       |       |       |       |       ||     9
       Chain mail        |    64 |   117 |   153 |       |       |       ||   334
       Ring mail         |       |       |    29 |       |       |       ||    29
       Plate armour      |       |       |       |   358 |   473 |   616 ||  1447
Dodge: Dodged            |    70 |    57 |   239 |   356 |   526 |   891 ||  2139
       Rpst.: Falchion   |    22 |    11 |    53 |       |       |       ||    86
       Great sword       |       |       |    10 |    95 |   120 |   152 ||   377
